 Dungeon Crawl Stone Soup version 0.29.1-12-g30fa7ad0bf (webtiles) character file.

Game seed: 15520480779433752209

418 Descartes the Magician (level 6, 0/32 HPs)
             Began as a Deep Elf Air Elementalist on Jan 2, 2023.
             Slain by a human zombie (6 damage)
             ... on level 4 of the Dungeon.
             The game lasted 00:09:57 (4023 turns).

Descartes the Magician (Deep Elf Air Elementalist)  Turns: 4023, Time: 00:09:57

Health: 0/32       AC:  5    Str:  5    XL:     6   Next: 61%
Magic:  0/15       EV: 13    Int: 22    God:
Gold:   186        SH:  0    Dex: 21    Spells: 6/15 levels left

rFire   . . .      SeeInvis .   w - +1 dagger (drain)
rCold   . . .      Faith    .   (no shield)
rNeg    . . .      Spirit   .   v - +0 leather armour
rPois   .          Reflect  .   (no helmet)
rElec   .          Harm     .   m - +1 cloak
rCorr   .          Rampage  .   (no gloves)
Will    .....                   (no boots)
Stlth   +++.......              (no amulet)
HPRegen 0.10/turn               g - +6 ring of dexterity
MPRegen 0.14/turn               (no ring)

@: brilliant, attractive, flying
A: no striking features
a: no special abilities


You were on level 4 of the Dungeon.
You visited 1 branch of the dungeon, and saw 4 of its levels.

You collected 186 gold pieces.

Inventory:

Hand Weapons
 f - a +0 hand axe
 p - a +0 dagger
 t - a +0 quarterstaff
 w - a +1 dagger of draining (weapon)
Missiles
 j - 6 boomerangs
Armour
 a - a +0 robe
 m - a +1 cloak (worn)
 v - a +0 leather armour (worn)
Jewellery
 g - a +6 ring of dexterity (left hand)
Scrolls
 c - 3 scrolls of teleportation
 l - a scroll of amnesia
 r - 3 scrolls of fear
Potions
 b - a potion of magic
 d - a potion of berserk rage {unknown}
 e - a potion of degeneration {unknown}
 h - a potion of invisibility {unknown}
 i - a potion of attraction
 o - a potion of flight
 q - a potion of brilliance
 s - a potion of curing {unknown}
 u - a potion of might {unknown}


   Skills:
 + Level 1.1 Staves
 + Level 3.4 Dodging
 + Level 3.6 Stealth
 * Level 5.0 Spellcasting
 * Level 3.5 Conjurations
 + Level 1.5 Translocations
 * Level 4.3 Air Magic
 + Level 1.5 Evocations


You had 6 spell levels left.
You knew the following spells:

 Your Spells              Type           Power      Damage    Failure   Level
a - Shock                 Conj/Air       100%       1d9       3%          1
b - Blink                 Tloc           36%        N/A       14%         2
c - Static Discharge      Conj/Air       34%        3-8/arc   4%          2
d - Airstrike             Air            18%        2d(3-19)  28%         4

Your spell library contained the following spells:

 Spells                   Type           Power      Damage    Failure   Level
 Swiftness                Air            36%        N/A       9%          3
 Ensorcelled Hibernation  Hex/Ice        16%        N/A       26%         2
 Lesser Beckoning         Tloc           18%        N/A       26%         3
 Portal Projectile        Hex/Tloc       26%        N/A       36%         3
 Call Canine Familiar     Summ           8%         N/A       45%         3
 Spider Form              Tmut/Pois      8%         N/A       45%         3
 Anguish                  Hex/Necr       4%         N/A       86%         4
 Leda's Liquefaction      Hex/Erth       4%         N/A       86%         4
 Manifold Assault         Tloc           18%        N/A       94%         5
 Spellforged Servitor     Conj/Summ      9%         N/A       100%        7
 Dragon's Call            Summ           4%         N/A       100%        9


Dungeon Overview and Level Annotations

Branches:
Dungeon (4/15)
 Temple: D:4-7

Altars:
Qazlal

Shops:
D:3 *

Portals:
Ossuary: D:4


Message History

You don't have enough magic to cast this spell.
Unknown command.
Okay, then.
Okay, then.
It was a potion of flight.
You feel very buoyant.
You fly up into the air.
It was a potion of brilliance.
You feel clever all of a sudden.
Casting: Shock (safe; 3% risk of failure)
Confirm with . or Enter, or press ? or * to list all spells.
You don't have enough magic to cast this spell.
It was a potion of attraction.
You feel attractive to monsters.
The human zombie is attracted toward you.
Casting: Shock (safe; 3% risk of failure)
Confirm with . or Enter, or press ? or * to list all spells.
You don't have enough magic to cast this spell.
You hit the human zombie.
The human zombie is lightly damaged.
The human zombie hits you.
You hit the human zombie but do no damage.
The human zombie is lightly damaged.
The human zombie misses you.
You hit the human zombie.
The human zombie is moderately damaged.
The human zombie hits you but does no damage.
You barely miss the human zombie.
The human zombie is moderately damaged.
The human zombie hits you.
* * * LOW HITPOINT WARNING * * *
Casting: Shock (safe; 3% risk of failure)
Confirm with . or Enter, or press ? or * to list all spells.
Aiming: Shock (safe; 3% risk of failure)
Press: ? - help, Shift-Dir - straight line, f/p - human zombie
Aim: a human zombie (moderately damaged, 81% to hit)
You feel a surge of power!
The zap hits the human zombie.
The human zombie is moderately damaged.
The human zombie hits you.
You die...

# ####
#.....Z....
##...# #.# ###..#
#.# ##.).# #.#
)..##..# #.#
##.##...# #.#
##.##### #.#
#.#############Z#
#......)))....@.#
##############..#
####


You could see a human zombie.

Vanquished Creatures
  An ogre (D:4)
  The ghost of
  112233 the Trooper, a weakling OpFi of Ashenzari (D:3)
  A bullfrog zombie (D:3)
  A centaur zombie (D:3)
  An orc priest (D:4)
  A bullfrog skeleton (D:3)
  An orc wizard (D:4)
  5 adders
  3 gnolls (D:3)
  A worm zombie (D:4)
  2 worms (D:3)
  3 dart slugs
  3 orcs
  4 bats
  5 endoplasms
  A giant cockroach (D:3)
  5 goblins
  6 hobgoblins
  4 jackals (D:3)
  3 quokkas
  4 ball pythons
  A frilled lizard (D:1)
  4 kobolds
  5 rats
66 creatures vanquished.

Notes
Turn   | Place    | Note
-------+----------+-------------------------------------------
     0 | D:1      | Descartes the Deep Elf Air Elementalist began the quest for
                  | the Orb.
     0 | D:1      | Reached XP level 1. HP: 10/10 MP: 6/6
   443 | D:1      | Reached XP level 2. HP: 15/15 MP: 4/8
   697 | D:1      | Found a faded altar of an unknown god.
   820 | D:1      | Got the Papyrus of Adjuration and Charms
  1496 | D:2      | Reached XP level 3. HP: 16/19 MP: 3/10
  1677 | D:2      | Learned a level 2 spell: Blink
  1680 | D:2      | Learned a level 2 spell: Static Discharge
  2319 | D:3      | Reached XP level 4. HP: 24/24 MP: 6/11
  2361 | D:3      | Found a stormy altar of Qazlal.
  2443 | D:3      | Reached skill level 4 in Spellcasting
  2779 | D:3      | Found a runed translucent gate.
  2779 | D:3      | Found a runed translucent gate.
  2779 | D:3      | Found a runed translucent gate.
  2780 | D:3      | Noticed 112233's ghost (weakling OpFi)
  3060 | D:3      | Learned a level 4 spell: Airstrike
  3107 | D:3      | Found Wedd's Assorted Antiques.
  3138 | D:3      | Reached XP level 5. HP: 28/28 MP: 9/13
  3457 | D:3      | Killed 112233's ghost
  3458 | D:3      | Reached skill level 1 in Translocations
  3458 | D:3      | Reached skill level 1 in Evocations
  3704 | D:3      | Reached XP level 6. HP: 15/32 MP: 7/15
  3964 | D:4      | Reached skill level 1 in Staves
  3983 | D:4      | Reached skill level 5 in Spellcasting
  3998 | D:4      | Found a sand-covered staircase.
  4023 | D:4      | Slain by a human zombie

Illustrated notes

Levels and vault maps discovered:
D:1:      dpeg_arrival_rooms_c, layout_basic,
          hellmonk_ecumenical_altar_crossroads
D:2:      layout_loops_ring
D:3:      layout_loops_cross, amcnicky_altar_gilded, serial_shops, shop,
          gammafunk_ghost_necromancy
D:4:      layout_loops_ring, lemuel_coloured_pillars_altar, fiery_altar_vehumet,
          marbit_many_paths, portal_sewer_entry_d, enter_ossuary_3,
          grunt_ministairs_14, kennysheep_small_square

Skill      XL: |  1  2  3  4  5  6 |
---------------+-------------------+-----
Conjurations   | 2 3 |  3.5
Stealth        | 3 |  3.6
Spellcasting   | 4 5 |  5.0
Dodging        | 3 |  3.4
Translocations | 1 |  1.5
Evocations     | 1 |  1.5
Air Magic      | 4 |  4.3
Staves         | 1 |  1.1

Action                   |  1- 3 |  4- 6 || total
-------------------------+-------+-------++-------
Melee: Dagger            |       |     7 ||     7
 Cast: Shock             |    89 |    97 ||   186
       Blink             |       |     1 ||     1
  Use: Scroll            |       |     4 ||     4
       Potion            |       |     3 ||     3
Armor: Robe              |       |     1 ||     1
       Leather armour    |       |     5 ||     5
Dodge: Dodged            |     8 |    25 ||    33
